 Dungeon Crawl Stone Soup version 0.29-a0-284-gf9362112df (webtiles) character file.

Game seed: 14636352259939753905

6 jmlagarto the Sneak (level 1, -1/17 HPs)
             Began as a Vampire Delver on Mar 15, 2022.
             Slain by an adder (2 damage)
             ... on level 5 of the Dungeon.
             The game lasted 00:00:20 (85 turns).

jmlagarto the Sneak (Vampire Delver)                  Turns: 85, Time: 00:00:20

Health: -1/17      AC:  3    Str: 11    XL:     1   Next: 75%
Magic:  1/1        EV: 12    Int: 12    God:
Gold:   0          SH:  0    Dex: 15    Spells: 0/0 levels left

rFire   . . .      SeeInvis +   a - +0 short sword
rCold   . . .      Faith    .   (no shield)
rNeg    . . .      Spirit   .   b - +0 leather armour
rPois   .          Reflect  .   (no helmet)
rElec   .          Harm     .   (no cloak)
rCorr   .          Rampage  .   (no gloves)
Will    .....                   (no boots)
Stlth   +++.......              (no amulet)
HPRegen 0.25/turn               (no ring)
MPRegen 0.07/turn               (no ring)

@: healing quickly
A: alive, fangs 3, see invisible, vampiric 1
a: Exsanguinate


You were on level 5 of the Dungeon.
You visited 1 branch of the dungeon, and saw 1 of its levels.

Inventory:

Hand Weapons
 a - a +0 short sword (weapon)
Armour
 b - a +0 leather armour (worn)
Wands
 g - a wand of digging (3)
Scrolls
 c - a scroll of fog
 d - a scroll of magic mapping
 e - a scroll of fear
 h - a scroll of amnesia {unknown}
Potions
 f - a potion of haste


   Skills:
 + Level 2.7 Fighting
 + Level 2.2 Short Blades
 + Level 2.2 Dodging
 + Level 7.7 Stealth


You couldn't memorise any spells.
You didn't know any spells.
Your spell library was empty.

Dungeon Overview and Level Annotations

Branches:
Dungeon (5/15)
 Temple: D:4-7

Altars:
Trog


Innate Abilities, Weirdness & Mutations

Your natural rate of healing is accelerated.
You have razor-sharp teeth.
You have supernaturally acute eyesight. (SInv)
You are afflicted with vampirism.


Message History

An iguana comes into view.
The iguana hisses angrily.
The adder hisses angrily.
The orc shouts!
You hit the orc.
The orc is heavily wounded.
The adder barely misses you. The adder bites you. The orc barely misses you.
You hit the orc.
You kill the orc!
The adder bites you but does no damage.
You hit the adder.
The adder is moderately wounded.
The adder bites you.
You are poisoned.
The adder poisons you!
You miss the adder.
The adder is moderately wounded.
You feel sick. The adder bites you.
You are more poisoned.
The adder poisons you! The adder closely misses you.
You feel very sick. The adder attacks as you move away!
The adder barely misses you.
You feel sick.
* * * LOW HITPOINT WARNING * * *
You feel sick.
* * * LOW HITPOINT WARNING * * *
You feel sick. The adder barely misses you. The adder closely misses you.
You begin bloodletting.
You continue bloodletting.
* * * LOW HITPOINT WARNING * * *
You feel sick. The adder bites you but does no damage.
Keep bloodletting?
You continue bloodletting.
* * * LOW HITPOINT WARNING * * *
You feel sick. The adder completely misses you.
You continue bloodletting.
* * * LOW HITPOINT WARNING * * *
You feel sick. The adder closely misses you. x2
You continue bloodletting.
* * * LOW HITPOINT WARNING * * *
You feel sick.
You are no longer poisoned.
The adder bites you.
You die...

##.....#.#
#......#.
#.......#
#.......
#....)#
#.....#
#....l#
#####S#
#@# #.#
#.# #.#
#.# . ##.#
#.. #..#
####...#
#.##
###...#
#.#
#####..>#


You could see an iguana and an adder.

Vanquished Creatures
  2 orcs (D:5)
  A frilled lizard (D:5)
  2 rats (D:5)
5 creatures vanquished.

Notes
Turn   | Place    | Note
-------+----------+-------------------------------------------
     0 | D:5      | jmlagarto the Vampire Delver began the quest for the Orb.
     0 | D:5      | Reached XP level 1. HP: 17/17 MP: 1/1
    16 | D:5      | Found a bloodstained altar of Trog.
    72 | D:5      | Noticed an iguana
    85 | D:5      | Slain by an adder

Illustrated notes

Levels and vault maps discovered:
D:5:      layout_cave_pods, trog_butcher_becter,
          mainiacjoe_overflow_surrounded_room, serial_glass, glass_columns_a,
          glass_columns_b

Action                   || total
-------------------------++-------
Melee: Short sword       ||     8
 Abil: Exsanguinate      ||     1
 Stab: Sleeping          ||     4
Armor: Leather armour    ||     2
Dodge: Dodged            ||     9

Table legend: (Time is in decaauts)
 A = Elapsed time spent in this place.
 B = Non-inter-level travel time spent in this place.
 C = Inter-level travel time spent in this place.
 D = Time resting spent in this place.
 E = Time spent auto-exploring this place.
 F = Levels seen in this place.
 G = Mean time per level.
                   A        B        C        D        E       F      G
               +--------+--------+--------+--------+--------+-----+--------+
         Total |     84 |     84 |      0 |      0 |     49 |   1 |   84.0 |
       Dungeon |     84 |     84 |      0 |      0 |     49 |   1 |   84.0 |
               +--------+--------+--------+--------+--------+-----+--------+

Top non-repeatable levels by time:
     D:5: 84 daAuts
